Map: Pylon LE

Players

Spirit (souL)

  • Race: Terran Terran
  • League: Grandmaster
  • Spawn Location: 5:00

Geralt (Gerald) - Winner!

  • Race: Protoss Protoss
  • League: Master
  • Spawn Location: 11:00

Event: FEL Cracov 2025

VOD

Have the link to the VOD?

Description

Time

  • Played on: July 27, 2025, 6:26 a.m.
  • Length: 16:01

All games in this series

Show
View Real Time Build Order
Export as new Build Order

Spirit Terran 

Build Orders: Reaper Expand 

Get SALT Encoding   

  12  0:00  SCV  
  13  0:12  SCV  
  14  0:16  Supply Depot  
  14  0:24  SCV  
  15  0:38  SCV  
  15  0:39  Barracks  
  15  0:42  Refinery  
  16  0:50  SCV  
  17  1:02  SCV  
  18  1:14  SCV  
  19  1:26  Reaper  
  19  1:27  Orbital Command  
  20  1:40  Command Center  
  20  1:53  SCV  
  21  1:55  Supply Depot  
  21  1:58  Marine  
  22  2:05  SCV  
  22  2:08  Factory  
  23  2:17  Bunker  
  23  2:18  SCV  
  23  2:19  Marine  
  25  2:24  Refinery  
  25  2:30  SCV  
  26  2:38  Barracks Reactor  
  26  2:42  SCV  
  27  2:52  Hellion  
  27  2:54  SCV  
  27  2:55  Starport  
  30  3:03  Orbital Command  
  30  3:06  SCV  
  31  3:14  Widow Mine  
  31  3:15  Marine  
  31  3:17  Marine  
  31  3:18  SCV  
  36  3:30  SCV x2  
  36  3:31  Medivac  
  36  3:33  Marine  
  41  3:35  Marine  
  41  3:36  Widow Mine  
  44  3:42  SCV x2, Supply Depot  
  46  3:51  Marine  
  46  3:54  SCV x2  
  43  4:04  Starport Tech Lab, Factory Tech Lab  
  43  4:06  SCV x2  
  43  4:08  Marine  
  43  4:09  Marine  
  47  4:18  SCV  
  47  4:19  SCV  
  47  4:20  Supply Depot  
  47  4:21  Barracks  
  49  4:24  Barracks, Raven  
  49  4:25  Marine  
  49  4:30  SCV  
  53  4:32  SCV  
  54  4:42  Marine, SCV  
  54  4:43  Marine  
  54  4:44  SCV  
  56  4:54  SCV  
  56  4:56  SCV  
  56  4:57  Engineering Bay  
  56  4:58  Supply Depot  
  58  5:00  Marine  
  58  5:01  Marine  
  58  5:06  SCV  
  61  5:08  SCV  
  61  5:10  Supply Depot  
  61  5:12  Refinery  
  62  5:17  Stimpack  
  62  5:19  Marine, Factory Reactor, SCV  
  62  5:20  Marauder x2, SCV  
  69  5:21  Supply Depot  
  69  5:22  Starport Reactor  
  69  5:25  Terran Infantry Weapons Level 1  
  69  5:31  SCV  
  69  5:32  SCV  
  69  5:33  Refinery, Supply Depot  
  71  5:38  Marine  
  71  5:41  Marauder  
  76  5:52  Marine  
  76  5:54  Barracks Tech Lab  
  75  5:57  SCV x2  
  75  5:58  Command Center  
  75  5:59  Medivac  
  75  6:00  Medivac  
  75  6:02  Marauder  
  83  6:05  Marine  
  83  6:09  SCV  
  85  6:14  Supply Depot, Widow Mine x2  
  85  6:15  Supply Depot  
  85  6:18  Marine  
  89  6:19  Marauder, SCV  
  89  6:24  SCV  
  94  6:27  Combat Shield  
  94  6:28  Missile Turret  
  94  6:35  Marine, SCV  
  94  6:36  Marauder, Marine  
  99  6:40  Medivac, Marauder  
  99  6:41  Medivac  
  99  6:44  SCV  
  106  6:47  Supply Depot  
  106  6:49  Supply Depot  
  104  6:55  SCV, Marine  
  104  6:56  SCV, Concussive Shells  
  104  6:57  Marauder  
  110  7:01  Marauder  
  110  7:07  Barracks x2  
  110  7:08  Marine, SCV  
  110  7:09  SCV  
  110  7:14  Marine  
  114  7:18  Marauder  
  114  7:19  Terran Infantry Armor Level 1  
  114  7:21  SCV x2  
  114  7:22  Medivac x2  
  122  7:23  Widow Mine  
  122  7:24  Widow Mine  
  125  7:33  SCV  
  125  7:34  Marine, Marauder  
  125  7:35  Sensor Tower  
  125  7:37  SCV, Marine  
  127  7:40  Marauder  
  130  7:45  SCV  
  130  7:47  Bunker, Orbital Command  
  130  7:49  SCV  
  132  7:52  Marine  
  132  7:54  Widow Mine  
  132  7:56  Marauder  
  132  7:57  SCV  
  138  8:01  SCV, Marauder  
  141  8:06  Supply Depot, Barracks Reactor  
  141  8:07  Supply Depot, Barracks Tech Lab  
  141  8:14  Marine, SCV  
  141  8:16  SCV  
  141  8:17  Medivac  
  141  8:18  Medivac  
  141  8:21  Marine  
  141  8:23  SCV  
  141  8:24  Marauder  
  141  8:28  SCV x2, Marine  
  141  8:29  Marauder  
  141  8:32  Marine  
  147  8:35  SCV  
  147  8:39  Marine  
  147  8:40  SCV  
  138  8:44  Widow Mine x2, Marine  
  138  8:45  Marine  
  138  8:46  Marine  
  139  8:48  Marine  
  139  8:50  Marine, Marauder  
  139  8:55  Ghost Academy  
  145  8:57  Marine  
  77  9:02  Medivac x2  
  140  9:03  Marauder  
  140  9:04  SCV  
  140  9:05  Marauder, Widow Mine x2  
  153  9:10  Supply Depot  
  153  9:11  Supply Depot x2  
  157  9:20  Command Center  
  157  9:24  Engineering Bay  
  157  9:25  Armory, Supply Depot  
  157  9:26  Refinery x2  
  157  9:28  Widow Mine x2  
  157  9:31  Ghost x2, Marine x2  
  157  9:32  Ghost, Marine  
  157  9:37  Supply Depot x3  
  167  9:42  Viking x2  
  171  9:49  Marine  
  160  9:54  Marine  
  160  9:55  Marine x2  
  151  10:00  Ghost, Marauder, Marine  
  151  10:07  Marine  
  131  10:11  Marine, Medivac  
  131  10:13  Marine x2  
  137  10:15  Medivac  
  137  10:18  Marine  
  140  10:21  Marine  
  140  10:23  Barracks, Widow Mine  
  140  10:24  Marine, SCV  
  140  10:26  Barracks  
  140  10:27  Barracks  
  145  10:29  Marauder, Marine  
  145  10:30  Marine  
  145  10:31  Marine, Missile Turret  
  145  10:33  Planetary Fortress  
  145  10:34  Missile Turret  
  150  10:37  Marauder, SCV x2  
  150  10:40  Marauder  
  150  10:42  Marine  
  157  10:43  SCV  
  157  10:47  Marine  
  157  10:49  Marine  
  160  10:50  Marauder  
  160  10:53  Widow Mine x2  
  160  10:56  Terran Infantry Weapons Level 2  
  166  10:58  Marauder, Marine  
  166  11:00  Terran Infantry Armor Level 2  
  166  11:01  Marauder  
  166  11:03  SCV x3  
  173  11:06  Marine  
  173  11:08  Sensor Tower  
  173  11:10  SCV, Marine  
  171  11:12  Marauder  
  171  11:16  SCV x2  
  171  11:17  Marine  
  173  11:19  Barracks Tech Lab, Marauder  
  173  11:20  Starport  
  173  11:21  Barracks Tech Lab  
  173  11:22  SCV, Marauder  
  173  11:23  SCV  
  179  11:28  SCV  
  179  11:29  SCV  
  179  11:31  Sensor Tower  
  181  11:38  Command Center  
  180  11:41  Viking x2  
  184  11:51  Marine, Marauder  
  184  11:53  Barracks Tech Lab  
  184  11:54  Marine x2  
  188  11:55  Marauder  
  188  11:57  Marine  
  188  11:58  Marine  
  187  12:04  Marine  
  187  12:05  Marine  
  174  12:09  Marine  
  174  12:11  Viking, Marine  
  174  12:12  Medivac  
  150  12:29  Ghost x3  
  147  12:30  Marine  
  147  12:32  Marine  
  147  12:33  Marauder  
  147  12:34  Marine, Marauder  
  155  12:41  Medivac  
  155  12:42  Marine, Marauder, Starport Reactor, Medivac  
  155  12:43  Sensor Tower  
  162  12:44  Terran Ship Weapons Level 1  
  162  12:48  Marine  
  162  12:50  Marine  
  156  12:52  Marine  
  156  12:54  Refinery, Marauder  
  156  12:55  Refinery  
  156  12:56  Marauder  
  161  12:59  Marauder x3, Marine  
  161  13:03  Marauder  
  170  13:05  Command Center  
  170  13:06  Marine  
  170  13:08  Widow Mine, Marine  
  170  13:09  Widow Mine  
  170  13:12  Marine  
  177  13:16  Marauder, Ghost  
  177  13:17  Marine  
  181  13:20  Marauder x3  
  181  13:21  Viking x2  
  181  13:24  Marine  
  181  13:25  Marauder  
  181  13:26  Marine  
  195  13:30  Marine, Viking  
  195  13:33  Viking  
  199  13:50  Marine  
  200  13:59  Fusion Core  
  200  14:08  Sensor Tower  
  200  14:21  Ghost  
  200  14:22  Marauder  
  198  14:29  Marauder  
  200  14:44  Medivac  
  198  14:48  Caduceus Reactor  
  192  14:55  Medivac x2  
  192  14:59  Ghost  
  194  15:05  Ghost  
  200  15:09  Sensor Tower  
  200  15:10  Supply Depot  
  200  15:23  Command Center  
  200  15:29  Ghost  
  200  15:30  Ghost  
  200  15:33  Missile Turret  
  180  15:38  Marine, Marauder  
Show
View Real Time Build Order
Export as new Build Order

Geralt Protoss - Winner!

Build Orders: 1 Gate Expand, Blink Stalkers 

Get SALT Encoding   

  12  0:00  Probe  
  13  0:12  Probe  
  14  0:17  Pylon  
  14  0:22  Probe  
  15  0:31  Probe  
  16  0:36  Gateway  
  16  0:39  Probe  
  16  0:45  Assimilator  
  17  0:51  Probe  
  18  1:03  Probe  
  19  1:15  Probe  
  20  1:23  Cybernetics Core  
  22  1:27  Probe  
  23  1:36  Nexus  
  21  1:40  Pylon  
  21  1:42  Probe  
  22  1:48  Assimilator, Stalker  
  22  1:54  Probe  
  25  2:02  Warp Gate  
  25  2:06  Probe  
  26  2:08  Adept  
  25  2:18  Probe  
  28  2:26  Shield Battery  
  28  2:31  Probe  
  29  2:38  Twilight Council  
  29  2:43  Probe  
  30  2:48  Probe  
  31  2:55  Probe  
  32  3:00  Probe  
  32  3:01  Blink, Sentry  
  35  3:07  Probe  
  35  3:12  Probe  
  37  3:19  Probe  
  38  3:21  Gateway  
  38  3:24  Gateway, Probe  
  39  3:27  Pylon  
  39  3:31  Probe  
  40  3:36  Probe  
  41  3:43  Probe  
  41  3:48  Probe  
  41  3:51  Stalker  
  45  3:55  Probe  
  45  4:00  Probe  
  44  4:07  Probe  
  44  4:08  Nexus  
  44  4:09  Pylon  
  45  4:13  Probe  
  45  4:14  Assimilator  
  45  4:16  Assimilator  
  46  4:18  Stalker  
  46  4:19  Probe  
  49  4:25  Probe  
  49  4:28  Stalker  
  49  4:31  Stalker  
  54  4:32  Probe  
  54  4:33  Charge  
  54  4:50  Probe  
  53  4:54  Stalker  
  53  4:57  Stalker  
  57  5:01  Probe  
  57  5:03  Probe  
  59  5:09  Stalker  
  59  5:13  Probe  
  62  5:15  Shield Battery  
  62  5:20  Probe  
  62  5:21  Pylon  
  63  5:24  Probe  
  63  5:25  Probe  
  65  5:30  Shield Battery  
  65  5:32  Probe  
  66  5:35  Forge  
  66  5:36  Templar Archives  
  66  5:44  Probe  
  66  5:46  Probe  
  66  5:50  Probe  
  66  5:51  Zealot x3  
  66  5:52  Psionic Storm  
  66  5:56  Probe  
  74  5:58  Probe  
  74  6:02  Probe  
  74  6:03  Gateway  
  76  6:07  Gateway  
  76  6:08  Probe  
  76  6:10  Probe  
  77  6:14  Probe  
  78  6:24  Probe  
  78  6:27  Probe  
  78  6:29  High Templar, Zealot x2  
  78  6:31  Protoss Ground Armor Level 1  
  85  6:41  Pylon  
  85  6:47  Gateway  
  85  6:48  Pylon  
  85  6:49  Pylon  
  85  6:59  Pylon, Probe x3  
  85  7:00  Pylon  
  88  7:03  High Templar x2  
  88  7:05  Gateway  
  88  7:08  Pylon  
  92  7:10  Gateway  
  92  7:11  Probe x3  
  92  7:14  Zealot x2  
  99  7:23  Probe  
  100  7:34  Nexus  
  100  7:35  Pylon, High Templar  
  100  7:36  High Templar x2, Zealot x2  
  110  7:37  Probe  
  110  7:44  Robotics Facility  
  108  7:45  Forge  
  108  7:46  Stalker  
  108  7:49  Probe  
  110  7:55  Probe  
  110  7:57  Zealot, Gateway  
  113  8:00  Gateway  
  113  8:03  Stalker  
  113  8:06  Pylon  
  113  8:10  Stalker x5  
  122  8:15  Probe  
  122  8:18  Probe  
  122  8:19  Probe  
  119  8:30  Zealot x3  
  117  8:34  Nexus  
  117  8:37  Zealot x3  
  105  8:42  Probe, Zealot  
  105  8:43  Zealot  
  105  8:44  Warp Prism  
  105  8:46  Protoss Ground Weapons Level 1  
  105  8:48  Probe  
  107  8:51  Pylon  
  108  8:57  Probe  
  107  9:07  Protoss Ground Armor Level 2  
  107  9:09  Zealot x2  
  110  9:10  Zealot x2  
  112  9:18  Probe  
  113  9:24  Probe  
  113  9:29  Zealot x5  
  113  9:31  Shield Battery  
  124  9:32  Probe  
  124  9:36  Probe  
  124  9:41  Probe  
  124  9:43  Robotics Bay  
  111  9:46  High Templar, Zealot x3  
  111  9:48  Probe x2  
  91  10:01  Stalker x4  
  95  10:07  Stalker x2  
  95  10:08  Zealot  
  95  10:09  Probe x2  
  103  10:14  Probe  
  103  10:15  Probe, Pylon  
  105  10:21  Probe x2  
  105  10:23  High Templar  
  107  10:30  Zealot x6  
  119  10:42  High Templar, Protoss Ground Weapons Level 2, Zealot x2  
  125  10:43  Probe  
  125  10:48  Probe  
  127  10:51  Probe  
  127  10:55  Zealot x2  
  127  10:56  Zealot x3  
  138  10:59  Probe  
  138  11:00  Zealot x2, Disruptor  
  147  11:11  Probe  
  132  11:24  Pylon  
  132  11:25  Pylon  
  131  11:26  Nexus  
  131  11:27  Pylon  
  131  11:32  Zealot x10, Colossus  
  151  11:52  High Templar, Zealot  
  151  11:53  Zealot x6  
  167  11:57  Zealot x2  
  133  12:10  Archon  
  123  12:22  Colossus  
  123  12:25  Zealot x6  
  123  12:26  Zealot x4  
  123  12:28  Probe  
  150  12:31  Probe  
  147  12:39  Probe  
  148  12:46  Protoss Ground Armor Level 3  
  148  12:48  Probe  
  149  12:51  Probe  
  149  12:52  Probe  
  149  12:53  High Templar x2, Zealot x3  
  149  12:54  Zealot x5  
  171  13:02  Probe  
  171  13:03  Probe  
  173  13:05  Protoss Ground Weapons Level 3  
  173  13:06  Colossus  
  173  13:11  Probe  
  174  13:17  Probe  
  174  13:18  Probe  
  174  13:19  Probe  
  183  13:23  Pylon, Probe  
  184  13:27  Zealot x2  
  184  13:28  Zealot x3  
  184  13:33  Pylon  
  186  13:55  Nexus  
  186  13:56  Probe  
  186  13:58  Pylon  
  186  13:59  Warp Prism  
  186  14:00  Gateway  
  186  14:02  Gateway  
  189  14:11  Zealot x2  
  189  14:12  Stalker x4  
  189  14:14  Probe  
  200  14:21  Zealot  
  198  14:26  Probe  
  198  14:30  Gateway  
  199  14:32  Gateway  
  199  14:33  Probe  
  188  14:51  High Templar  
  184  14:53  Stalker x8  
  184  14:56  Archon  
  198  15:23  Disruptor  
  186  15:40  Stalker x2  
  186  15:41  Stalker x4, Zealot x6  
  186  15:42  Zealot x2  
  164  15:56  Gateway  
  164  15:58  Gateway  
Tags
 
Add a new tag
Caveats
  • Supply blocks, unpowered buildings, or Contaminate may cause inaccurate times.
  • Supply counts are checked every 10 seconds.